Get step-by-step instructions on how to execute this build order below. Start the game timer, and the build order will tick by so you can play in parallel with StarCraft on a second screen or mobile device.

Game Time

  0:00

Last Step

  N/A

Next Step

Upcoming Step



Don't want to look back and forth between 2 screens? Try out our Overwolf App, the Spawning Tool Build Advisor to get an in-game overlay with this build!

Complete Build Order

  12  0:00  Probe  
  13  0:14  Pylon  
  13  0:18  Probe (Chrono Boost)  
  14  0:27  Probe (Chrono Boost)  
  15  0:32  Probe (Chrono Boost)  
  16  0:41  Gateway  
  16  0:44  Probe  
  16  0:49  Assimilator  
  17  0:56  Probe  
  18  1:08  Probe  
  19  1:20  Probe  
  20  1:26  Nexus  
  20  1:35  Cybernetics Core  
  20  1:40  Probe  
  20  1:46  Assimilator  
  21  1:52  Probe  
  22  1:56  Pylon  
  22  2:04  Probe (Chrono Boost), Adept  
  23  2:12  Warp Gate  
  25  2:17  Probe (Chrono Boost)  
  26  2:24  Probe (Chrono Boost)  
  26  2:27  Twilight Council  
  27  2:33  Probe (Chrono Boost)  
  28  2:37  Adept  
  28  2:39  Probe (Chrono Boost)  
  32  2:48  Probe x2 (Chrono Boost)  
  33  2:52  Gateway  
  33  2:54  Probe  
  33  2:55  Probe  
  35  3:06  Probe  
  35  3:07  Probe  
  35  3:09  Gateway  
  37  3:13  Gateway  
  37  3:18  Probe  
  38  3:20  Resonating Glaives (Chrono Boost)  
  38  3:21  Adept  
  40  3:27  Probe  
  40  3:30  Probe  
  42  3:34  Pylon  
  42  3:39  Probe  
  43  3:42  Probe  
  44  3:52  Nexus, Probe  
  45  3:58  Pylon  
  45  4:00  Adept  
  45  4:01  Adept  
  49  4:06  Probe  
  50  4:12  Pylon  
  50  4:14  Adept x2  
  50  4:16  Probe  
  55  4:18  Assimilator  
  55  4:19  Probe  
  55  4:23  Adept x2  
  60  4:28  Probe  
  60  4:31  Probe  
  62  4:35  Adept  
  62  4:37  Adept  
  66  4:40  Probe  
  66  4:41  Pylon  
  66  4:43  Probe  
  66  4:45  Adept  
  70  4:53  Shield Battery  
  70  4:57  Pylon  
  72  5:02  Probe x2 (Chrono Boost)  
  72  5:04  Blink (Chrono Boost)  
  72  5:05  Adept x3  
  72  5:06  Probe (Chrono Boost)  
  81  5:16  Probe x2 (Chrono Boost)  
  81  5:25  Probe  
  81  5:26  Probe  
  83  5:30  Adept x4  
  89  5:38  Probe x2  
  71  5:50  Shield Battery, Probe x2  
  71  5:51  Stalker  
  71  5:52  Adept x3  
  71  5:55  Probe  
  82  5:57  Gateway  
  82  5:58  Gateway  
  82  6:02  Probe  
  82  6:03  Probe  
  84  6:08  Assimilator  
  84  6:11  Probe  
  85  6:13  Stalker x3  
  85  6:15  Forge  
  91  6:19  Probe  
  91  6:21  Pylon x2  
  91  6:22  Probe  
  91  6:23  Probe  
  94  6:31  Probe  
  95  6:34  Probe  
  95  6:35  Stalker  
  95  6:36  Probe  
  99  6:40  Nexus  
  99  6:43  Probe  
  98  6:49  Stalker x3  
  98  6:50  Probe x2  
  98  6:51  Shield Battery  
  98  6:53  Pylon  
  106  6:55  Probe  
  106  6:58  Gateway  
  106  7:01  Gateway, Charge (Chrono Boost)  
  107  7:02  Protoss Ground Weapons Level 1 (Chrono Boost), Probe  
  107  7:04  Stalker  
  110  7:12  Probe x2  
  112  7:17  Photon Cannon  
  112  7:18  Photon Cannon, Stalker  
  114  7:24  Probe x2  
  114  7:27  Probe  
  114  7:29  Photon Cannon  
  117  7:31  Stalker x2  
  117  7:32  Stalker  
  123  7:39  Gateway  
  123  7:42  Gateway  
  123  7:45  Robotics Facility  
  123  7:46  Probe  
  123  7:48  Probe  
  123  8:06  Probe x2  
  123  8:07  Stalker x2  
  123  8:08  Stalker x5  
  123  8:09  Probe  
  123  8:11  Pylon, Probe  
  123  8:12  Pylon  
  123  8:22  Stalker  
  125  8:39  Observer (Chrono Boost)  
  118  8:42  Stalker x9  
  118  8:43  Probe x2  
  118  8:45  Assimilator  
  118  8:47  Probe x2  
  140  8:54  Gateway  
  138  8:55  Stalker  
  138  8:58  Gateway  
  140  9:04  Nexus  
  140  9:05  Pylon  
  140  9:06  Stalker x8  
  156  9:20  Pylon  
  156  9:22  Pylon  
  160  9:24  Zealot x2  
  163  9:33  Pylon